AoeStats
← hoangtan922

Arena

506155262Analyzed
2v2 RM · 20d ago on Sep 12, 2026· 58m 28s· 4 players
Game mode
Random Map
Map size
Medium (4 player)
Population
200
Speed
Normal
Resources
Standard
Victory
Conquest
Starting age
Dark Age
Ending age
Imperial Age
RankedLock teamsTeams togetherTeam positionsShared explorationLock speedFull tech treeHidden civsTurbo modeCheats
Victory
Defeat
🇨🇴 Maya · Colombia
1014
+16
🇺🇸 Celts · United States
1003
+16
🇪🇸 Italians · Spain
1011
-16
🇦🇷 Koreans · Argentina
1000
-16
Mr.J
3:56 Loom
11:08 Feudal Age
15:33 Castle Age
14:48 Forging
16:38 Double-Bit Axe
18:10 Wheelbarrow
17:20 Town Watch
19:10 Stone Mining
21:33 Bow Saw
21:52 Horse Collar
28:43 Imperial Age
27:22 Fletching
27:32 Padded Archer Armor
28:09 Iron Casting
28:48 Gold Mining
30:29 Chemistry
29:49 Ballistics
29:45 Bloodlines
28:56 Light Cavalry
29:26 Elite Skirmisher
34:05 Bodkin Arrow
34:25 Leather Archer Armor
34:29 Hussar
36:29 Scale Barding Armor
37:25 Blast Furnace
37:09 Thumb Ring
38:15 Husbandry
38:37 Cavalier
42:34 Chain Barding Armor
44:18 Plate Barding Armor
44:14 Ring Archer Armor
43:44 Bracer
hoangtan922
11:04 Feudal Age
16:28 Castle Age
14:31 Horse Collar
16:44 Double-Bit Axe
20:34 Heavy Plow
20:32 Gold Mining
23:21 Wheelbarrow
22:32 Town Watch
22:36 Loom
26:34 Forging
26:25 Scale Mail Armor
29:03 Gold Shaft Mining
28:39 Bow Saw
29:07 Iron Casting
28:48 Chain Mail Armor
28:37 Squires
28:23 Arson
32:19 Fortified Wall
32:29 Ballistics
39:23 Imperial Age
37:09 Hand Cart
37:12 Chain Mail Armor
36:48 Fletching
38:22 Bodkin Arrow
38:25 Murder Holes
38:11 Treadmill Crane
38:41 Masonry
38:43 Stone Mining
39:55 Arrowslits
41:10 Chemistry
40:12 Bracer
40:36 Elite Fire Lancer
45:10 Plate Mail Armor
max
8:44 Loom
10:30 Feudal Age
14:57 Castle Age
12:48 Double-Bit Axe
14:41 Stone Mining
16:54 Bow Saw
19:51 Forging
19:40 Gold Mining
26:07 Scale Mail Armor
27:16 Horse Collar
28:32 Fletching
29:27 Chain Mail Armor
30:30 Iron Casting
35:24 Imperial Age
35:40 Bodkin Arrow
37:00 Heavy Plow
37:39 Gold Shaft Mining
40:14 Blast Furnace
43:46 Furor Celtica
44:40 Stone Shaft Mining
45:17 Plate Mail Armor
47:34 Murder Holes
48:40 Conscription
50:43 Elite Woad Raider
Ivar the Boneless
0:30 Loom
10:20 Feudal Age
11:10 Double-Bit Axe
15:08 Castle Age
13:56 Horse Collar
14:07 Stone Mining
16:03 Bow Saw
15:47 Gold Mining
23:52 Wheelbarrow
23:05 Town Watch
24:28 Fletching
26:15 Hand Cart
26:43 Bodkin Arrow
27:24 Padded Archer Armor
28:15 Town Patrol
29:30 Stone Shaft Mining
29:15 Leather Archer Armor
34:38 Imperial Age
33:04 Forging
32:56 Scale Mail Armor
33:52 Ballistics
33:27 Eagle Warrior
34:43 Iron Casting
34:30 Treadmill Crane
35:20 Heavy Plow
36:21 Two-Man Saw
35:00 Elite Eagle Warrior
36:57 Blast Furnace
36:13 Chain Mail Armor
37:18 Squires
37:04 Arson
38:11 Crop Rotation
37:49 Caravan
39:02 Plate Mail Armor
39:09 Pikeman
40:17 Conscription
40:13 Halberdier
40:22 Elite Plumed Archer
43:23 Chemistry
46:33 Holcans
50:25 Bracer
50:56 Ring Archer Armor
50:39 Masonry
Connection lost

Rejoining the realm…

Still unreachable

The connection could not be restored.

Session expired

The server has moved on; the page needs a fresh start.